 Dungeon Crawl Stone Soup version 0.30.1-11-g7821555f0a (webtiles) character file.

Game seed: 12583175802023675178

1580176 Gumption the Conqueror (level 26, 170/266 HPs)
             Began as a Minotaur Berserker on Nov 7, 2023.
             Was a Priest of Trog.
             Escaped with the Orb
             ... and 3 runes on Nov 9, 2023!
             The game lasted 09:42:27 (79898 turns).

Gumption the Conqueror (Minotaur Berserker)        Turns: 79898, Time: 09:42:29

Health: 170/266    AC: 52    Str: 29      XL:     26   Next: 90%
Magic:  22/22      EV: 15    Int:  3 (4)  God:    Trog [***...]
Gold:   4493       SH: 29    Dex: 10      Spells: 25/25 levels left

rFire   + . .        b - +8 broad axe "Moopis" {heavy, Str+2}
rCold   + + +        y - +0 tower shield
rNeg    + . .        j - +15 plate armour of Mezcal {Harm Dex-4 SInv}
rPois   +            G - +2 hat "Atizia" {rC+ Int+2}
rElec   +            V - +4 dragonskin cloak
rCorr   .            Z - +2 pair of gloves of Morality {-Cast rN+ Will+ Slay+5}
SInv    +            Q - +2 pair of boots {Fly}
Will    +++..        m - amulet of reflection Stlth
                     g - ring of Xeegaize {rPois rF+ rC++ AC+4 Dex-4}
HPRegen 0.64/turn    M - ring "Umuerph" {rElec Will+ Dex+3}
MPRegen 0.18/turn

%: no spellcasting, harm (+30% outgoing, +20% incoming), reflection
@: flying
A: horns 2, retaliatory headbutt, deformed body, dopey 2
0: Orb of Zot
}: 3/15 runes: serpentine, barnacled, silver
a: Renounce Religion, Berserk, Trog's Hand


You escaped.
You worshipped Trog.
Trog was most pleased with you.
You visited 11 branches of the dungeon, and saw 51 of its levels.
You also visited: Trove and Ice Cave.

You collected 8651 gold pieces.
You spent 4158 gold pieces at shops.

Inventory:

Hand Weapons
 a - the +8 broad axe of Sloth {flame, rN+ Str+3}
   (Trog gifted it to you on level 2 of the Realm of Zot)

   Str:       It affects your strength (+3).
   rN:        It protects you from negative energy.
 b - the +8 broad axe "Moopis" (weapon) {heavy, Str+2}
   (You found it in a treasure trove)

   Str:       It affects your strength (+2).
Missiles
 C - 6 silver javelins
 I - 19 curare-tipped darts
 O - 10 javelins
 X - 3 throwing nets (quivered)
Armour
 j - the +15 plate armour of Mezcal (worn) {Harm Dex-4 SInv}
   (You bought it in a shop on level 3 of the Elven Halls)

   Dex:       It affects your dexterity (-4).
   SInv:      It lets you see invisible.
   Harm:      It increases damage dealt and taken.
 y - a +0 tower shield (worn)
 G - the +2 hat "Atizia" (worn) {rC+ Int+2}
   (You found it on level 3 of the Depths)

   Int:       It affects your intelligence (+2).
   rC:        It protects you from cold.
 Q - a +2 pair of boots of flying (worn)
 V - the +4 dragonskin cloak (worn)
   (You took it off Tiamat on level 4 of the Depths)

   Avatar's Aegis: It grants the wearer a chance to resist fire, cold, poison,
   electricity, acid, and negative energy.
 Z - the +2 pair of gloves of Morality (worn) {-Cast rN+ Will+ Slay+5}
   (You found it on level 4 of the Snake Pit)

   Slay:      It affects your accuracy & damage with ranged weapons and melee
   (+5).
   rN:        It protects you from negative energy.
   -Cast:     It prevents spellcasting.
   Will:      It increases your willpower.
Jewellery
 g - the ring of Xeegaize (left hand) {rPois rF+ rC++ AC+4 Dex-4}
   (You bought it in a shop on level 1 of the Snake Pit)

   [ring of protection]

   AC:        It affects your AC (+4).
   Dex:       It affects your dexterity (-4).
   rF:        It protects you from fire.
   rC:        It greatly protects you from cold.
   rPois:     It protects you from poison.
 m - an amulet of reflection (around neck)
 n - the ring of Riare {rN+ Will+ Dex+3 SInv}
   (You acquired it on level 3 of the Crypt)

   [ring of see invisible]

   Dex:       It affects your dexterity (+3).
   rN:        It protects you from negative energy.
   SInv:      It lets you see invisible.
   Will:      It increases your willpower.
 M - the ring "Umuerph" (right hand) {rElec Will+ Dex+3}
   (You bought it in a shop on level 1 of the Snake Pit)

   [ring of willpower]

   Dex:       It affects your dexterity (+3).
   rElec:     It insulates you from electricity.
   Will:      It increases your willpower.
 R - a ring of resist corrosion
 U - the amulet of Vitality {RegenMP++ Regen++}
   (You took it off a deep elf high priest on level 3 of the Elven Halls)

   [amulet of magic regeneration]

   It increases your rate of magic regeneration.
   Regen:     It increases your rate of health regeneration.
Wands
 c - a wand of polymorph (27)
 d - a wand of digging (15)
 t - a wand of mindburst (62)
 u - a wand of light (40)
 F - a wand of flame (63)
 K - a wand of paralysis (68)
 S - a wand of iceblast (42)
Scrolls
 e - 9 scrolls of fog
 i - 6 scrolls of silence
 l - 22 scrolls of teleportation
 s - 4 scrolls of blinking
 x - 3 scrolls of enchant armour
 B - 7 scrolls of butterflies
 D - 5 scrolls of poison
 E - 8 scrolls of immolation
 L - 8 scrolls of magic mapping
 P - 7 scrolls of fear
Potions
 f - 25 potions of curing
 h - 2 potions of resistance
 k - 8 potions of haste
 o - 12 potions of flight
 p - 8 potions of might
 q - a potion of ambrosia
 r - a potion of magic
 v - 7 potions of mutation
 z - 6 potions of berserk rage
 A - 14 potions of heal wounds
 H - 7 potions of attraction
 J - 2 potions of invisibility
 W - 2 potions of cancellation


   Skills:
 O Level 27 Fighting
 - Level 18.0 Axes
 - Level 10.0 Throwing
 O Level 27 Armour
 + Level 21.2 Dodging
 O Level 27 Shields
 + Level 16.3 Evocations


You had 25 spell levels left.
You didn't know any spells.
Your spell library was empty.

Dungeon Overview and Level Annotations

Branches:
Dungeon (15/15)            Temple (1/1) D:7            Lair (5/5) D:9
 Shoals (4/4) Lair:2        Snake (4/4) Lair:2        Slime (0/5) Lair:4
    Orc (2/2) D:11            Elf (3/3) Orc:2        Vaults (5/5) D:13
  Crypt (3/3) Vaults:2       Tomb (0/3) Crypt:3      Depths (4/4) D:15
    Zot (5/5) Depths:4      IceCv (visited)

Altars:
Ashenzari
Cheibriados
Dithmenos
Elyvilon
Fedhas
Gozag
Hepliaklqana
Kikubaaqudgha
Makhleb
Nemelex Xobeh
Okawaru
Qazlal
Ru
Sif Muna
Trog
Uskayaw
Vehumet
Wu Jian
Xom
Yredelemnul
Zin
The Shining One

Shops:
D:10 :*   Orc:1 ?   Orc:2 !**!(   Elf:1 *   Elf:2 :=:   Elf:3 ![(*
Snake:1 *[=[   Vaults:5 [

Portals:
Hell: Depths:1 Depths:2 Depths:3 Depths:4
Abyss: Depths:1 Depths:3
Pandemonium: Depths:2 Depths:4
Ziggurat: Depths:1

Annotations:
Vaults:4 3 runed translucent doors, exclusion: obsidian statue, Petaveuc's ghost, veteran FoFi
Zot:3 3 runed translucent doors, Flapstick's ghost, legendary HaBe
Zot:5 2 transporters, exclusion: orange crystal statue, Electrofox's ghost, veteran MiFi


Innate Abilities, Weirdness & Mutations

You have a pair of horns on your head.
You reflexively headbutt those who attack you in melee.
Armour fits poorly on your strangely shaped body.
You are very dopey. (Int -4)


Message History

You are engulfed in freezing vapours.
You resist. You block Neotz's attack.
The ynoxinul is engulfed in freezing vapours.
The blizzard demon is engulfed in freezing vapours.
You hit Neotz. You headbutt Neotz.
Neotz is almost dead.
Neotz pecks you!!
You hit Neotz but do no damage. You headbutt Neotz, but do no damage.
Neotz is almost dead.
Neotz pecks you. You block Neotz's attack.
You barely miss Neotz. You headbutt Neotz, but do no damage.
Neotz is almost dead.
You block Neotz's attack.
The blizzard demon waves its arms in wide circles.
The air twists around and strikes you.
You slice Neotz!! You headbutt Neotz!
You kill Neotz!
Trog accepts your kill. The ynoxinul misses you.
You block the blizzard demon's attack. x2
You slice the blizzard demon!! You headbutt the blizzard demon!
The blizzard demon is almost dead.
You slash the ynoxinul! You block the ynoxinul's attack.
You block the blizzard demon's attack. x2
You closely miss the blizzard demon. You headbutt the blizzard demon!
You kill the blizzard demon!
Trog accepts your kill.
You barely miss the ynoxinul. You barely miss the ynoxinul.
You headbutt the ynoxinul.
You kill the ynoxinul!
Trog accepts your kill.
You feel the effects of Trog's Hand fading.
Your skin stops crawling.
You feel less strong-willed.
Your extra speed is starting to run out.
There is a staircase leading out of the dungeon here.
As you read the scroll of butterflies, it crumbles to dust.
You hear the flapping of tiny wings.
You feel yourself slow down.
You start resting.
Your butterfly disappears in a burst of colours!
A Hell Sentinel comes into view.
You have escaped!

#### #.♣.##.# ###
#####...##.######## ..#
######......###.#....... #.#
#...........# #.#.###### #.#
#.#######...# #.#...)... #.#
#.#.....#.#.# #.#.######
#.########.#.........# #.#.###.##
..##.......#...#####.###.#.##.#.#
#....#####.#...#@..#.....#.#.###.
#.#### #.#.1...#.#.#......## ##
#.# #.#.#####.#.#.###.#.###. #.#
##.#.#.....#.#.# #.##.#.# #.#
#..#..>#...#.#.# #....... ..#
##..#####...#.#.# #.#####. ###
#...........#.#(# #.......
########.###.#.....#...# #######.
#........# #.#######.### #.


You could see a Hell Sentinel.

Vanquished Creatures
  Tiamat (Depths:4)
  3 dread liches
  3 orbs of fire (Zot:5)
  5 ancient liches
  Mara (Elf:3)
  3 juggernauts
  Sojobo (Depths:3)
  11 Killer Klowns
  Frederick (Crypt:2)
  Vv (Crypt:1)
  Bai Suzhen (Crypt:1)
  Margery (Vaults:4)
  Vashnia (Snake:4)
  3 curse toes
  2 pandemonium lords
  11 golden dragons
  Jory (Crypt:1)
  4 bone dragons
  2 electric golems (Zot:5)
  Jorgrun (D:14)
  A Hell Sentinel (Zot:5)
  17 tentacled monstrosities
  A walking crystal tome (Depths:4)
  29 Orb Guardians
  8 liches
  A walking divine tome (Depths:4)
  3 deep elf blademasters
  2 titans
  Asterion (Depths:2)
  4 deep elf master archers (Elf:3)
  6 quicksilver dragons
  An Executioner (Depths:3)
  3 krakens
  6 ancient champions
  5 sphinxes
  An eldritch tentacle (Vaults:4)
  Polyphemus (Shoals:4)
  Agnes (Snake:1)
  6 death cobs
  5 shadow dragons
  3 draconian monks
  13 storm dragons
  3 nagarajas
  A revenant (Crypt:3)
  8 tengu reavers
  A fenstrider witch (shapeshifter) (Vaults:5)
  4 fire giants
  14 vault wardens
  6 draconian knights
  8 frost giants
  Louise (Depths:1)
  5 draconian scorchers
  2 iron dragons
  A balrug (Depths:3)
  15 ironbound preservers
  7 deep elf sorcerers
  The ghost of Wukitam the Ninja, an adept SpEn of Wu Jian (Snake:1)
  17 ghouls
  A curse skull (Depths:3)
  A ghost moth (Zot:4)
  A cacodemon (Depths:2)
  9 draconian stormcallers
  13 draconian annihilators
  8 draconian shifters
  2 spriggan defenders
  A juggernaut skeleton (Depths:2)
  4 reapers
  5 ironbound thunderhulks
  4 war gargoyles
  9 stone giants
  5 vampire knights
  16 very ugly things
  A caustic shrike skeleton (Vaults:4)
  15 black draconians
  15 deep elf demonologists
  13 red draconians
  A dire elephant (shapeshifter) (Vaults:5)
  13 green draconians
  12 dire elephants
  8 deep elf annihilators
  9 white draconians
  7 spark wasps
  17 purple draconians
  A spark wasp (shapeshifter) (Vaults:5)
  15 yellow draconians
  An eidolon (Crypt:1)
  2 blizzard demons
  12 ettins
  4 merfolk javelineers
  5 fire dragons
  8 deep elf death magi
  11 jiangshi
  Josephine (Lair:5)
  An entropy weaver (Vaults:1)
  13 yaktaur captains
  7 merfolk impalers
  8 great orbs of eyes
  7 deep elf high priests
  2 rakshasas
  41 vault guards
  A fenstrider witch zombie (Crypt:3)
  A peacekeeper (Vaults:4)
  4 quicksilver dragon skeletons (Crypt:2)
  5 hydras
  6 salamander tyrants
  4 spriggan air magi
  A hell beast (D:1)
  2 alligator snapping turtles
  8 ice dragons
  3 ghost crabs (Vaults:4)
  7 ogre magi
  8 ironbound frosthearts
  9 centaur warriors
  5 merfolk avatars
  A death knight (Crypt:2)
  3 satyrs
  3 catoblepae
  A spriggan skeleton (Crypt:3)
  2 boulder beetles
  15 death yaks
  7 two-headed ogres
  20 dancing weapons
  8 merfolk aquamancers
  6 deep troll earth magi
  17 anacondas
  14 naga warriors
  7 deep troll shamans
  7 tengu warriors
  3 vampire magi
  3 hell hogs (Depths:3)
  8 shock serpents
  13 soul eaters
  A titan zombie (Crypt:1)
  3 orc high priests (Orc:2)
  A spriggan berserker (Depths:2)
  15 naga sharpshooters
  18 deep elf knights
  Sonja (Lair:5)
  The ghost of Tyszek the Basher, a novice MiMo of Okawaru (D:8)
  25 hell knights
  3 sun demons
  A titan skeleton (Vaults:4)
  3 spriggans (Depths:4)
  5 iron trolls
  23 skeletal warriors
  7 salamander mystics
  A sea snake (shapeshifter) (Vaults:5)
  A goliath frog (Lair:5)
  A fire crab (Vaults:4)
  3 shadow wraiths
  11 sea snakes
  6 skysharks
  A golden dragon skeleton (Crypt:2)
  4 flayed ghosts
  An orb spider (shapeshifter) (Vaults:5)
  2 bog bodies (Crypt:3)
  36 deep trolls
  A glowing orange brain (Vaults:4)
  9 lindwurms
  A spriggan simulacrum (Crypt:1)
  15 deep elf archers
  11 naga ritualists
  6 necromancers
  12 wizards
  39 harpies
  18 ironbound convokers
  11 mana vipers
  Pikel (D:6)
  13 phantasmal warriors
  2 anaconda skeletons (Crypt:3)
  22 deep elf zephyrmancers
  An eleionoma zombie (Crypt:2)
  27 ugly things
  24 deep elf pyromancers
  A goliath frog skeleton (Crypt:1)
  7 orc sorcerers
  5 orc knights
  13 manticores
  37 salamanders
  A salamander (shapeshifter) (Vaults:5)
  2 tengu skeletons
  23 moths of wrath
  A sphinx skeleton (Vaults:2)
  20 fauns
  2 worldbinders (Vaults:4)
  3 cyclopes
  A shadow dragon skeleton (Depths:2)
  A rust devil (Depths:4)
  3 stone giant skeletons
  20 naga magi
  19 elephants
  A black mamba (shapeshifter) (Depths:2)
  A toenail golem (Zot:5)
  An ice statue (D:13)
  2 molten gargoyles (Vaults:4)
  46 black mambas
  4 merfolk sirens
  5 guardian serpents
  5 water nymphs
  A death yak zombie (Crypt:3)
  2 torpor snails
  7 vault sentinels
  A fire giant skeleton (Vaults:2)
  A storm dragon simulacrum (Depths:2)
  3 smoke demons
  A naga skeleton (Crypt:3)
  2 yellow draconian zombies
  22 cane toads
  A kobold demonologist (D:12)
  A tormentor (Zot:2)
  10 komodo dragons
  A white draconian zombie (Crypt:1)
  16 yaktaurs
  A green draconian zombie (Crypt:1)
  2 yaktaur skeletons (Vaults:2)
  2 freezing wraiths (Vaults:5)
  2 guardian mummies (Crypt:1)
  A tengu conjurer (Depths:3)
  A green draconian skeleton (Crypt:2)
  A polar bear (Lair:3)
  3 meliai (D:14)
  A silent spectre (Depths:3)
  9 trolls
  16 merfolk
  A harpy zombie (Crypt:1)
  A purple draconian skeleton (Crypt:3)
  2 tengu simulacra (Vaults:4)
  2 hellwings
  3 tyrant leeches (Lair:5)
  3 harpy skeletons
  3 hornets (Depths:4)
  7 wind drakes
  A mana viper skeleton (Crypt:3)
  A large abomination (Zot:4)
  31 blink frogs
  17 dream sheep
  A snapping turtle (Shoals:3)
  22 slime creatures
  3 jumping spiders (Vaults:4)
  3 fire dragon skeletons (Crypt:2)
  An ettin skeleton (Crypt:2)
  7 flying skulls
  3 air elementals
  9 wraiths
  A culicivora (Vaults:1)
  A human (shapeshifter) (D:15)
  A vampire (D:11)
  30 water elementals
  2 shadows
  A naga simulacrum (Crypt:1)
  2 ynoxinuls
  4 wyverns
  35 yaks
  2 basilisks
  2 chaos spawn
  2 spatial vortices (Vaults:4)
  2 steam dragons
  A neqoxec (D:6)
  6 fire elementals
  9 vampire mosquitoes
  A redback (shapeshifter) (Vaults:5)
  A warg (shapeshifter) (Elf:2)
  A redback simulacrum (D:14)
  A warg (Orc:1)
  40 nagas
  2 hydra simulacra (IceCv)
  A cane toad zombie (Crypt:3)
  An acid dragon (D:13)
  27 water moccasins
  A glowing shapeshifter zombie (Depths:2)
  A floating eye (shapeshifter) (Vaults:5)
  A floating eye (Depths:4)
  2 glowing shapeshifter skeletons (Vaults:2)
  27 orc warriors
  15 ice beasts
  3 black bears
  11 ogres
  A sky beast (D:7)
  4 boggarts
  A lindwurm zombie (Crypt:2)
  9 wolves
  5 human skeletons (Vaults:2)
  A dream sheep skeleton (Crypt:1)
  3 lemures (D:6)
  3 small abominations (Vaults:4)
  6 centaurs
  3 kobold brigands
  19 bullfrogs
  2 earth elementals (Elf:2)
  2 necrophages
  A salamander skeleton (Crypt:1)
  3 scorpions
  A glowing shapeshifter simulacrum (Vaults:4)
  2 water moccasin skeletons (Crypt:3)
  9 wights
  An elephant simulacrum (IceCv)
  13 killer bees
  2 howler monkeys
  9 electric eels
  5 quasits (D:8)
  2 lava snakes (Vaults:4)
  3 hounds
  An iron imp (D:4)
  Crazy Yiuf (D:2)
  16 orc priests
  A jelly (D:6)
  2 gnoll boudas
  Terence (D:2)
  25 orc wizards
  2 polar bear simulacra (IceCv)
  A wolf simulacrum (IceCv)
  A hound skeleton (Crypt:1)
  4 mummies (Crypt:1)
  24 gnolls
  A howler monkey skeleton (Crypt:2)
  12 adders
  3 shadow imps
  A white imp (D:6)
  A worm zombie (Crypt:3)
  2 worms
  3 dart slugs
  103 orcs
  11 ball pythons
  A bat skeleton (Crypt:3)
  9 endoplasms
  4 giant cockroaches (D:1)
  A gnoll zombie (Crypt:3)
  6 goblins
  7 hobgoblins
  2 jackals (D:5)
  6 quokkas
  9 bats
  2 frilled lizards (D:3)
  A jackal skeleton (Crypt:1)
  15 kobolds
  A rat (D:1)
  3 spectral weapons
  7 tentacles
2277 creatures vanquished.

Vanquished Creatures (collateral kills)
  Aizul (Snake:1)
  2 orc warlords (Orc:1)
  A naga ritualist (Snake:1)
  An orc sorcerer (Orc:1)
  A naga (Snake:1)
  2 wargs (Orc:1)
  4 orc warriors (Orc:1)
  3 orc priests (Orc:1)
  6 orcs (Orc:1)
21 creatures vanquished.

Vanquished Creatures (others)
  A tentacled monstrosity (Zot:1)
  A deep elf annihilator (Elf:3)
  4 red draconians (Zot:1)
  A yellow draconian (Zot:1)
  A purple draconian (Zot:1)
  A wizard (Vaults:4)
  A deep elf pyromancer (Vaults:4)
  A necromancer (Vaults:4)
  2 deep elf zephyrmancers
  An air elemental (Elf:1)
  A human (Depths:3)
  A boggart (D:14)
  An orc priest (Elf:1)
  2 orcs (Elf:1)
  5 tentacles
24 creatures vanquished.

Grand Total: 2322 creatures vanquished

Notes
Turn   | Place    | Note
-------+----------+-------------------------------------------
     0 | D:1      | Gumption the Minotaur Berserker began the quest for the
                  | Orb.
     0 | D:1      | Reached XP level 1. HP: 19/19 MP: 0/0
    16 | D:1      | You fall into a shaft and drop 1 floor!
   244 | D:2      | Reached XP level 2. HP: 10/27 MP: 1/1
   389 | D:2      | Reached XP level 3. HP: 22/33 MP: 2/2
   525 | D:1      | Found a faded altar of an unknown god.
   825 | D:1      | Reached XP level 4. HP: 39/40 MP: 3/3
   836 | D:1      | Reached ** piety under Trog
   837 | D:1      | Reached skill level 5 in Axes
  1423 | D:2      | Noticed Terence
  1431 | D:2      | Killed Terence
  1601 | D:2      | Found a runed translucent door.
  1602 | D:2      | Noticed Crazy Yiuf
  1984 | D:2      | Killed Crazy Yiuf
  1985 | D:2      | Reached XP level 5. HP: 47/47 MP: 2/4
  2329 | D:3      | Found a hazy altar of Hepliaklqana.
  2331 | D:3      | Found an ornate altar of the Wu Jian Council.
  2332 | D:3      | Found a glowing silver altar of Zin.
  2336 | D:3      | Found a basalt altar of Yredelemnul.
  2339 | D:3      | Found a radiant altar of Vehumet.
  2345 | D:3      | Found a hide-covered altar of Uskayaw.
  2347 | D:3      | Found a shimmering altar of Xom.
  2352 | D:3      | Found a sacrificial altar of Ru.
  2353 | D:3      | Found a shimmering blue altar of Sif Muna.
  2356 | D:3      | Found a stormy altar of Qazlal.
  2433 | D:3      | Found a blossoming altar of Fedhas.
  2988 | D:4      | Found a snail-covered altar of Cheibriados.
  3010 | D:4      | Reached skill level 5 in Fighting
  3089 | D:4      | Reached *** piety under Trog
  3169 | D:4      | Reached XP level 6. HP: 56/56 MP: 5/5
  4259 | D:5      | Entered Level 5 of the Dungeon
  4430 | D:5      | Reached skill level 5 in Armour
  4430 | D:5      | Reached XP level 7. HP: 26/62 MP: 6/6
  5897 | D:6      | Reached XP level 8. HP: 47/71 MP: 7/7
  6026 | D:6      | Noticed Pikel
  6039 | D:6      | Killed Pikel
  6163 | D:6      | Reached skill level 10 in Axes
  6638 | D:7      | Reached XP level 9. HP: 23/75 MP: 8/8
  7323 | D:7      | Identified the +1 dagger of Classification {flame, rC+
                  | Will+ Int-5}
  7513 | D:7      | Found a staircase to the Ecumenical Temple.
  7517 | Temple   | Entered the Ecumenical Temple
  8413 | D:8      | Noticed a two-headed ogre
  8420 | D:8      | Killed a two-headed ogre
  8421 | D:8      | Reached XP level 10. HP: 76/91 MP: 9/9
  8523 | D:8      | Reached **** piety under Trog
  9246 | D:8      | Found a transporter.
  9252 | D:8      | Noticed Tyszek's ghost (novice MiMo)
  9401 | D:8      | Found a transporter.
  9649 | D:9      | Reached skill level 10 in Fighting
 10108 | D:9      | Reached skill level 10 in Armour
 10382 | D:9      | Found a staircase to the Lair.
 10497 | D:9      | Reached ***** piety under Trog
 10601 | D:10     | Entered Level 10 of the Dungeon
 10610 | D:10     | Identified a scroll of acquirement
 10610 | D:10     | Acquired 689 gold pieces
 10690 | D:10     | Found a transporter.
 10702 | D:10     | Found a transporter.
 10757 | D:10     | Found a transporter.
 10782 | D:10     | Noticed a green ugly thing
 10789 | D:10     | Killed a green ugly thing
 10790 | D:10     | Reached XP level 11. HP: 101/101 MP: 10/10
 10936 | D:10     | Found an iron altar of Okawaru.
 11192 | D:10     | Found a transporter.
 11204 | D:10     | Found Ireceuhu's General Store.
 11245 | D:10     | Reached skill level 15 in Axes
 11437 | D:10     | Found Herov's Tiny Tomes.
 11449 | D:10     | Found a portal to a secret trove of treasure.
 11929 | D:11     | Found a frozen archway.
 11936 | IceCv    | Entered an ice cave
 11936 | IceCv    | Noticed a white ugly thing
 11949 | IceCv    | Killed a white ugly thing
 11950 | IceCv    | HP: 6/156 [elephant simulacrum (13)]
 12215 | IceCv    | Found a transporter.
 12219 | IceCv    | Noticed a white ugly thing
 12224 | IceCv    | Found a transporter.
 12361 | D:10     | Bought a scroll of silence for 123 gold pieces
 12361 | D:10     | Bought a scroll of identify for 26 gold pieces
 12560 | D:11     | Found a staircase to the Orcish Mines.
 12573 | D:11     | Received a gift from Trog
 12596 | D:11     | Noticed a two-headed ogre
 12601 | D:11     | Killed a two-headed ogre
 13490 | D:12     | Reached XP level 12. HP: 102/112 MP: 11/11
 14417 | Lair:1   | Entered Level 1 of the Lair of Beasts
 15115 | Lair:1   | Acquired a +2 war axe of flaming
 15295 | Lair:2   | Found a staircase to the Shoals.
 15389 | Lair:2   | Noticed a four-headed hydra
 15399 | Lair:2   | Killed a one-headed hydra
 15413 | Lair:2   | Reached skill level 5 in Dodging
 15441 | Lair:2   | Noticed a catoblepas
 15451 | Lair:2   | Killed a catoblepas
 15452 | Lair:2   | Reached skill level 1 in Shields
 15671 | Lair:2   | Found a staircase to the Snake Pit.
 16081 | Lair:3   | Noticed an eight-headed hydra
 16089 | Lair:3   | Killed a five-headed hydra
 16092 | Lair:3   | Reached XP level 13. HP: 117/122 MP: 12/12
 16278 | Lair:3   | Reached skill level 5 in Shields
 16794 | Lair:3   | Received a gift from Trog
 17817 | Lair:4   | You are sucked into a shaft and drop 1 floor!
 17817 | Lair:5   | Entered Level 5 of the Lair of Beasts
 18149 | Lair:5   | Reached XP level 14. HP: 94/133 MP: 13/13
 18275 | Lair:5   | Identified the -2 buckler of Lifelessness {rPois rF- Int+2}
 18380 | Lair:4   | Identified the +5 broad axe "Gueffug" {heavy, rC++ Will-}
                  | (Trog gifted it to you on level 4 of the Lair of Beasts)
 18380 | Lair:4   | Received a gift from Trog
 18707 | Lair:4   | Reached skill level 10 in Shields
 18761 | Lair:4   | Found a staircase to the Slime Pits.
 20143 | Lair:5   | Reached skill level 15 in Fighting
 20392 | Lair:5   | Noticed Sonja
 20397 | Lair:5   | Killed Sonja
 20579 | Lair:5   | Noticed Josephine
 20588 | Lair:5   | Killed Josephine
 20817 | Lair:5   | Reached skill level 15 in Armour
 21450 | Orc:1    | Entered Level 1 of the Orcish Mines
 21562 | Orc:1    | You are sucked into a shaft and drop 1 floor!
 21562 | Orc:2    | Entered Level 2 of the Orcish Mines
 21585 | Orc:1    | Noticed an orc warlord
 21595 | Orc:1    | Killed an orc warlord
 21782 | Orc:1    | Found Xots's Magic Scroll Shop.
 21992 | Orc:2    | Found a staircase to the Elven Halls.
 21996 | Orc:1    | Noticed an orc warlord
 22006 | Orc:1    | Killed an orc warlord
 22576 | Orc:2    | Found Geteakem's Weapon Boutique.
 22985 | Orc:2    | Reached XP level 15. HP: 125/138 MP: 14/14
 23182 | Orc:2    | Found Hidghoymu's Distillery.
 23182 | Orc:2    | Found Bottea Ipiu's Assorted Antiques.
 23186 | Orc:2    | Found Viffacel's General Store.
 23186 | Orc:2    | Found Jugeoroo's Distillery.
 23198 | Orc:2    | Bought a scroll of identify for 62 gold pieces
 23266 | Orc:1    | Bought a scroll of identify for 26 gold pieces
 23958 | D:13     | Identified the ring "Vuplacko" {Wiz Dex+7}
 24381 | D:13     | Found a gate to the Vaults.
 24513 | D:13     | Reached skill level 10 in Dodging
 24734 | D:14     | Noticed Jorgrun
 24760 | D:14     | Killed Jorgrun
 25384 | D:15     | Entered Level 15 of the Dungeon
 25398 | D:15     | Identified the +0 leather armour of Midwinter {rElec rCorr
                  | Dex+3}
 25706 | D:15     | Found a staircase to the Depths.
 26425 | Snake:1  | Entered Level 1 of the Snake Pit
 26857 | Snake:1  | Noticed Agnes
 26867 | Snake:1  | Received a gift from Trog
 26871 | Snake:1  | HP: 8/217 [Agnes/+2 lajatang of electrocution (17)]
 26872 | Snake:1  | Killed Agnes
 26873 | Snake:1  | Reached skill level 15 in Shields
 27211 | Snake:1  | Found Kommuef's General Store.
 27213 | Snake:1  | Found Kuxuadof's Jewellery Shoppe.
 27213 | Snake:1  | Found Jogam's Antique Armour Emporium.
 27216 | Snake:1  | Found Osumnol's Armour Shoppe.
 27227 | Snake:1  | Bought the ring of Xeegaize {rPois rF+ rC++ AC+4 Dex-4} for
                  | 1202 gold pieces
 27227 | Snake:1  | Bought the ring "Umuerph" {rElec Will+ Dex+3} for 860 gold
                  | pieces
 27606 | Snake:1  | Found a runed translucent door.
 27606 | Snake:1  | Noticed Wukitam's ghost (adept SpEn)
 27621 | Snake:1  | Killed Wukitam's ghost
 27628 | Snake:1  | Identified the +8 morningstar "Bazxuto" {pain, Int+5}
 27846 | Snake:1  | Noticed Aizul
 27859 | Snake:1  | Killed Aizul
 27860 | Snake:1  | Reached XP level 16. HP: 59/154 MP: 15/15
 28248 | Snake:1  | Bought a shiny plate armour for 780 gold pieces
 28976 | Snake:2  | Reached skill level 1 in Evocations
 30834 | Shoals:1 | Entered Level 1 of the Shoals
 31316 | Shoals:1 | Reached XP level 17. HP: 165/165 MP: 16/16
 31340 | Shoals:1 | Found a stormy altar of Qazlal.
 31345 | Shoals:1 | Noticed a kraken
 31349 | Shoals:1 | Killed a kraken
 32403 | Shoals:2 | Reached skill level 5 in Evocations
 32851 | Shoals:2 | Noticed a kraken
 32867 | Shoals:2 | Killed a kraken
 34158 | Shoals:3 | Noticed a kraken
 34166 | Shoals:3 | Killed a kraken
 34391 | Snake:4  | Entered Level 4 of the Snake Pit
 34788 | Snake:4  | Received a gift from Trog
 34883 | Snake:4  | Noticed Vashnia
 34919 | Snake:4  | Killed Vashnia
 35254 | Snake:4  | Identified the +2 pair of gloves of Morality {-Cast rN+
                  | Will+ Slay+5}
 35551 | Snake:4  | Identified the +5 leather armour of Cagall {rPois rF+
                  | Stlth+}
 35676 | Snake:4  | Reached XP level 18. HP: 150/176 MP: 8/17
 35937 | Snake:4  | Received a gift from Trog
 36130 | Snake:4  | Got a serpentine rune of Zot
 36396 | Shoals:4 | Entered Level 4 of the Shoals
 36498 | Shoals:4 | Reached skill level 15 in Dodging
 37148 | Shoals:4 | Received a gift from Trog
 37148 | Shoals:4 | Found the +7 lajatang of Order {silver, rMut}
 37796 | Shoals:4 | Got a barnacled rune of Zot
 37932 | Shoals:4 | Noticed Polyphemus
 37951 | Shoals:4 | Killed Polyphemus
 38405 | Elf:1    | Entered Level 1 of the Elven Halls
 38412 | Elf:1    | Paralysed by an air elemental for 1 turns
 38417 | Orc:2    | Paralysed by an air elemental for 1 turns
 38637 | Elf:1    | Found Meamaen's General Store.
 39002 | Elf:1    | Identified the +1 whip of the Damp God {venom, rN+ Dex+3
                  | Stlth+}
 39164 | Elf:1    | Paralysed by an air elemental for 1 turns
 39186 | Elf:1    | Identified the +2 buckler of the Crypt {Int+4}
 39784 | Elf:1    | Received a gift from Trog
 39813 | Elf:1    | Reached skill level 1 in Throwing
 39978 | Elf:1    | Reached XP level 19. HP: 187/187 MP: 18/18
 40169 | Elf:1    | Found a runed translucent gate.
 40169 | Elf:1    | Found a runed translucent gate.
 40169 | Elf:1    | Found a runed translucent gate.
 40169 | Elf:1    | Found a runed translucent gate.
 40169 | Elf:1    | Found a runed translucent gate.
 40172 | Elf:1    | Found a runed translucent gate.
 40731 | Elf:2    | Found Julenih's Book Shop.
 40732 | Elf:2    | Found Obonep's Jewellery Shoppe.
 40734 | Elf:2    | Found Janos's Book Shop.
 41008 | Elf:2    | Received a gift from Trog
 41406 | Elf:2    | Found a runed translucent gate.
 41406 | Elf:2    | Found a runed translucent gate.
 41406 | Elf:2    | Found a runed translucent gate.
 41823 | Elf:3    | Entered Level 3 of the Elven Halls
 41823 | Elf:3    | Found Utwen's Assorted Antiques.
 41825 | Elf:3    | Bought a bone ring for 170 gold pieces
 41872 | Elf:3    | Paralysed by an air elemental for 1 turns
 41892 | Elf:3    | Found Alathrant's Weapon Boutique.
 41917 | Elf:3    | Found Botzett's Antique Armour Emporium.
 42232 | Elf:3    | Found Liraiceo's Distillery.
 42758 | Elf:3    | Reached skill level 5 in Throwing
 42786 | Elf:3    | Identified the +1 chain mail of Ejileju {Will- Str+2 Dex+3}
 42898 | Elf:3    | Noticed a Brimstone Fiend
 43565 | Elf:3    | Identified the +5 hand axe of the Toadstool {antimagic,
                  | Int+4}
 43587 | Elf:3    | Reached skill level 10 in Evocations
 43591 | Elf:3    | Received a gift from Trog
 44274 | Elf:3    | Noticed Mara
 44280 | Elf:3    | Noticed Gumption's illusion
 44286 | Elf:3    | Killed Mara
 44294 | Elf:3    | Found the +2 pair of slick slippers {slick, slippery, EV+4}
 44543 | Elf:3    | Bought a masterwork plate armour for 812 gold pieces
 44543 | Elf:3    | Identified the +15 plate armour of Mezcal {Harm Dex-4 SInv}
                  | (You bought it in a shop on level 3 of the Elven Halls)
 45252 | Depths:1 | Entered Level 1 of the Depths
 45276 | Depths:1 | Reached XP level 20. HP: 198/198 MP: 19/19
 45467 | Depths:1 | Found a gateway to Hell.
 45917 | Depths:1 | Noticed Louise
 45949 | Depths:1 | Found a one-way gate to the infinite horrors of the Abyss.
 46160 | Depths:1 | Found a one-way gateway to a ziggurat.
 46790 | Depths:1 | Killed Louise
 47527 | Depths:2 | Noticed Asterion
 47539 | Depths:2 | Killed Asterion
 48380 | Depths:2 | Found a one-way gate leading to the halls of Pandemonium.
 48387 | Depths:2 | Received a gift from Trog
 48387 | Depths:2 | Gained mutation: Armour fits poorly on your strangely
                  | shaped body. [a cacodemon]
 48552 | Depths:2 | Reached skill level 10 in Throwing
 48682 | Depths:2 | Found a glowing golden altar of the Shining One.
 49638 | Depths:3 | Found a white marble altar of Elyvilon.
 49760 | Depths:3 | You are sucked into a shaft and drop 1 floor!
 49760 | Depths:4 | Entered Level 4 of the Depths
 49765 | Depths:4 | Noticed a juggernaut
 49776 | Depths:4 | Killed a juggernaut
 49801 | Depths:4 | Noticed a golden dragon
 49820 | Depths:4 | Killed a golden dragon
 49910 | Depths:4 | Reached XP level 21. HP: 207/207 MP: 20/20
 49919 | Depths:3 | Identified the +7 quarterstaff "Zystacol" {flame, rPois
                  | Str+4 Dex+3}
 50143 | Depths:3 | Noticed Sojobo
 50145 | Depths:3 | Paralysed by an air elemental for 1 turns
 50147 | Depths:3 | Paralysed by an air elemental for 1 turns
 50149 | Depths:3 | Paralysed by an air elemental for 1 turns
 50166 | Depths:3 | Killed Sojobo
 51019 | Depths:3 | Found a runed door.
 51090 | Depths:3 | Reached ****** piety under Trog
 51121 | Depths:3 | Received a gift from Trog
 51185 | Depths:3 | Noticed an ancient lich
 51190 | Depths:3 | Killed an ancient lich
 51207 | Depths:3 | Identified the +2 buckler of Protective Custody {Str+5
                  | Slay+3}
 51208 | Depths:3 | Identified the -2 cloak "Gieliuc" {-Tele rCorr Str-2 Dex+8}
 51233 | Depths:3 | Identified the +2 hat "Atizia" {rC+ Int+2}
 51246 | Depths:3 | Identified the +0 helmet "Vuha" {Regen+ Str+4 Dex-3}
 51672 | Depths:4 | Noticed a juggernaut
 51690 | Depths:4 | Killed a juggernaut
 52037 | Depths:4 | Found a shadowy altar of Dithmenos.
 52877 | Depths:4 | Found a gate to the Realm of Zot.
 53578 | Vaults:1 | Entered Level 1 of the Vaults
 53677 | Vaults:1 | Received a gift from Trog
 54194 | Vaults:1 | Identified the +0 robe of Zin, Fortifying {Rampage Int+3
                  | Dex+6 Slay-6}
 54561 | Vaults:1 | Reached XP level 22. HP: 202/217 MP: 21/21
 55274 | Vaults:2 | Received a gift from Trog
 55290 | Vaults:2 | Found a staircase to the Crypt.
 57721 | D:8      | Killed Tyszek's ghost
 57721 | D:8      | Received a gift from Trog
 58131 | D:13     | Identified the +0 pair of boots "Zutrinye" {Harm Regen+}
 59001 | Vaults:4 | Noticed Margery
 59039 | Vaults:4 | Killed Margery
 59068 | Vaults:4 | Received a gift from Trog
 59468 | Vaults:4 | Reached XP level 23. HP: 204/228 MP: 22/22
 59884 | Vaults:4 | Found a runed translucent gate.
 59884 | Vaults:4 | Found a runed translucent gate.
 59884 | Vaults:4 | Found a runed translucent gate.
 59884 | Vaults:4 | Found an opulent altar of Gozag.
 59886 | Vaults:4 | Noticed Petaveuc's ghost (veteran FoFi)
 60670 | Crypt:1  | Entered Level 1 of the Crypt
 60751 | Crypt:1  | Noticed Vv
 60771 | Crypt:1  | Killed Vv
 61014 | Crypt:1  | Noticed Bai Suzhen
 61038 | Crypt:1  | Killed Bai Suzhen
 61157 | Crypt:1  | Noticed Jory
 61169 | Crypt:1  | Killed Jory
 61783 | Crypt:2  | Noticed Frederick
 61796 | Crypt:2  | Killed Frederick
 61975 | Crypt:2  | Received a gift from Trog
 62227 | Crypt:2  | Identified the +1 robe of Philately {Archmagi}
 63170 | Crypt:3  | Entered Level 3 of the Crypt
 63409 | Crypt:3  | Found a staircase to the Tomb.
 63598 | Crypt:3  | Received a gift from Trog
 63610 | Crypt:3  | Noticed a curse toe
 63630 | Crypt:3  | Killed a curse toe
 64100 | Crypt:3  | Noticed a dread lich
 64386 | Crypt:3  | Killed a dread lich
 64399 | Crypt:3  | Identified the +11 long sword "Iferoegh" {pain, rElec rPois
                  | rN+ Dex-5}
 64400 | Crypt:3  | Identified the +0 long sword "Plog" {venom, rN+ Str+5}
 64433 | Crypt:3  | Acquired the ring of Riare {rN+ Will+ Dex+3 SInv}
 64809 | Vaults:5 | Entered Level 5 of the Vaults
 64809 | Vaults:5 | Noticed an ancient lich
 64815 | Vaults:4 | Reached XP level 24. HP: 243/243 MP: 22/22
 64835 | Vaults:5 | Noticed a dread lich
 64846 | Vaults:4 | Killed an ancient lich
 64884 | Vaults:4 | Killed a dread lich
 64916 | Vaults:5 | Received a gift from Trog
 65107 | Vaults:5 | Paralysed by a floating eye for 2 turns
 65562 | Vaults:5 | Noticed an ancient lich
 65564 | Vaults:5 | Received a gift from Trog
 65573 | Vaults:5 | Killed an ancient lich
 65759 | Vaults:5 | Noticed an ancient lich
 65762 | Vaults:5 | Killed an ancient lich
 65998 | Vaults:5 | Received a gift from Trog
 66056 | Vaults:5 | Found Saniykh's Antique Armour Boutique.
 66078 | Vaults:5 | Identified the staff of poison "Nonijaj" {rPois rF+ rN+
                  | Int-2 Dex+3}
 66473 | Vaults:5 | Identified the +2 scimitar of Causality {venom, Will+
                  | Str+3}
 66499 | Vaults:5 | Identified the +0 leather armour of Crawling {rF+ Str+2}
 66506 | Vaults:5 | Identified the ring "Loyr" {rPois rF- rC++ Will+ Str+6}
 66508 | Vaults:5 | Identified the staff of death "Roajeq" {rN+ Dex+4}
 66513 | Vaults:5 | Identified the +1 battleaxe "Eliapt" {speed, rN+ rCorr}
 66520 | Vaults:5 | Identified the +1 troll leather armour "Lianuorph" {Will+
                  | Regen+}
 66726 | Vaults:5 | Identified the +0 pair of boots "Sugetyno" {rN+ Str+5
                  | Dex+3}
 66730 | Vaults:5 | Got a silver rune of Zot
 66890 | Vaults:5 | Found the +1 robe of Vines {NoPotionHeal Regen++++}
 67337 | Zot:1    | Entered Level 1 of the Realm of Zot
 67581 | Zot:1    | Reached XP level 25. HP: 243/255 MP: 22/22
 67738 | Zot:1    | Found the +4 dragonskin cloak
 67738 | Zot:1    | Noticed Tiamat
 67836 | Depths:4 | Killed Tiamat
 68564 | Zot:1    | Noticed an orb of fire
 69216 | D:10     | Bought a scroll of enchant weapon for 97 gold pieces
 70213 | D:10     | You paid a toll of a +8 demon blade to enter a treasure
                  | trove
 70214 | Trove    | Entered a treasure trove
 70230 | Trove    | Identified the +8 broad axe "Moopis" {heavy, Str+2}
 70235 | Trove    | Identified the +9 war axe of Jez Buet {drain, Str+2}
 70238 | Trove    | Identified the +8 hand axe "Fasuntiemn" {flame, rF+ rC+}
 70242 | Trove    | Identified the +5 spear of the Gibberer {flame, Will++}
 70243 | Trove    | Identified the +2 war axe of Moderation {drain, Fragile
                  | rElec rF+++ Stlth-}
 70667 | Zot:2    | Identified the +0 flail "Ruyxoxoipi" {heavy, rElec rCorr
                  | Str-3 Dex+2}
 70757 | Zot:2    | Identified the +2 robe of the Sparrow {Rampage rElec rC-
                  | Int-4}
 71001 | Zot:2    | Identified the +2 ring mail "Ufiontadei" {Rampage rF+}
 71211 | Zot:2    | Reached skill level 27 in Fighting
 71220 | Zot:2    | Identified the +8 broad axe of Sloth {flame, rN+ Str+3}
                  | (Trog gifted it to you on level 2 of the Realm of Zot)
 71220 | Zot:2    | Received a gift from Trog
 71490 | Zot:2    | Reached skill level 27 in Armour
 72573 | Zot:2    | Noticed a Killer Klown
 72598 | Zot:2    | Noticed a Killer Klown
 72601 | Zot:2    | Killed a Killer Klown
 72609 | Zot:2    | Killed a Killer Klown
 73135 | Zot:3    | Noticed a Killer Klown
 73135 | Zot:3    | Noticed a dread lich
 73159 | Zot:3    | Noticed a Killer Klown
 73159 | Zot:3    | Noticed a Killer Klown
 73165 | Zot:3    | Killed a dread lich
 73177 | Zot:3    | Killed a Killer Klown
 73183 | Zot:3    | Killed a Killer Klown
 73190 | Zot:3    | a Killer Klown changed into a juggernaut
 73190 | Zot:3    | Noticed a juggernaut
 73202 | Zot:3    | Killed a juggernaut
 73747 | Zot:3    | Received a gift from Trog
 73893 | Zot:3    | Noticed Flapstick's ghost (legendary HaBe)
 74279 | Zot:3    | Found a runed translucent gate.
 74279 | Zot:3    | Found a runed translucent gate.
 74280 | Zot:3    | Found a runed translucent gate.
 74283 | Zot:3    | Identified the ring "Atholu" {Ice rPois Str+2 Int-5 Dex+3}
 74694 | Zot:4    | Reached XP level 26. HP: 228/266 MP: 22/22
 75768 | Zot:4    | Identified the +0 ring mail of Ru's Anger {rF+ Regen+
                  | Stlth+}
 75926 | Zot:5    | Entered Level 5 of the Realm of Zot
 76124 | Zot:5    | Noticed Electrofox's ghost (veteran MiFi)
 76126 | Zot:5    | Found a transporter.
 76197 | Zot:5    | Found a transporter.
 76984 | Zot:5    | Reached skill level 15 in Evocations
 77151 | Zot:5    | Noticed an ancient lich
 77151 | Zot:5    | Noticed an orb of fire
 77160 | Zot:5    | Killed an ancient lich
 77173 | Zot:5    | Noticed an orb of fire
 77190 | Zot:5    | Killed an orb of fire
 77524 | Zot:5    | Gained mutation: You are dopey. (Int -2) [an orb of fire]
 77526 | Zot:5    | Gained mutation: You are very dopey. (Int -4) [an orb of
                  | fire]
 77527 | Zot:5    | Killed an orb of fire
 78590 | Zot:5    | Noticed an orb of fire
 78599 | Zot:5    | Killed an orb of fire
 78919 | Zot:5    | Got the Orb of Zot
 79014 | Zot:4    | Noticed Cemaq the pandemonium lord
 79035 | Zot:3    | Killed Cemaq the pandemonium lord
 79036 | Zot:3    | Reached skill level 27 in Shields
 79450 | D:2      | Noticed Jeclury the pandemonium lord
 79823 | D:1      | Noticed Neotz the pandemonium lord
 79836 | D:1      | Killed Neotz the pandemonium lord
 79898 | D:$      | Escaped with the Orb!

Illustrated notes

Levels and vault maps discovered:
D:1:      ebering_trefoil_twist, layout_loops_ring,
          shapermc_ecumenical_altar_totnotflames
D:2:      layout_loops_ring, chequers_serial_rivers_micro_d, uniq_terence,
          uniq_crazy_yiuf_cottage
D:3:      layout_basic, nicolae_overflow_hallway_of_the_gods,
          nicolae_overflow_hidden_temple, serial_bayou_pond_c,
          serial_park_tiny_1
D:4:      layout_basic, slow_altar_1
D:5:      layout_loops_ring, saegor_snake_ambush
D:6:      nicolae_BIG_FREAKIN_CUBE, layout_cave_pools, uniq_pikel
D:7:      layout_basic, minmay_temple_entry_glassed_door
D:8:      layout_basic, gammafunk_ghost_stat_death, minmay_curled_crystal,
          dk_noncrumbling_4
D:9:      layout_cave_pools, due_lair_maze_entry_diamond
D:10:     layout_basic, lemuel_crystal_altar, enter_trove_1,
          nicolae_take_the_stairs, nicolae_shop_i_like_small_books_too,
          nicolae_transporter_intersection
D:11:     layout_basic, hiddenorc2_lemuel, serial_rivers,
          chequers_serial_rivers_large_a, chequers_serial_rivers_marsh,
          chequers_serial_rivers_micro_e, chequers_serial_rivers_small_b,
          chequers_serial_rivers_micro_d, portal_ice_cave_entry_pillars_1
D:12:     layout_stronghold
D:13:     minmay_twisted_water, layout_loops_ring, erik_vaults_2
D:14:     layout_rooms, chequers_serial_rivers_micro_d, uniq_jorgrun
D:15:     grunt_enter_depths_giant_problem, layout_loops_ring,
          serial_park_tiny_1
Temple:   hellmonk_temple_beads
Lair:1:   layout_concentric_octagons, st_stairs_10
Lair:2:   layout_hall_layers, minmay_shoals_entry_lonely_mermaid,
          minmay_snake_entry_six_corridors
Lair:3:   layout_chaotic_city, serial_bayou_lake_a, grunt_megastairs_3
Lair:4:   layout_cave_pods, dpeg_slime_entry_corner, grunt_megastairs_5,
          serial_bayou_shore_b
Lair:5:   minmay_lair_end_frog_pond, layout_cave_pods, uniq_josephine,
          uniq_sonja
Shoals:1: layout_shoals, nicolae_shoals_lost_giant_temple,
          wheals_shoals_ruined_temple
Shoals:2: layout_shoals, nicolae_shoals_loop_pool
Shoals:3: layout_shoals
Shoals:4: shoals_end_grunt_garden, layout_shoals, nicolae_shoals_isolated_beach,
          uniq_polyphemus
Snake:1:  layout_grid_maze, gammafunk_ghost_grave, minmay_shoptagon, uniq_agnes,
          uniq_aizul
Snake:2:  layout_basic, st_stairs_11, nicolae_elevator_lobby_plus
Snake:3:  nrook_guardian_serpent_snake_passage, layout_rooms,
          nicolae_large_snake_swirl
Snake:4:  grunt_snake_rune_pools, layout_rooms, nicolae_snake_boneroom,
          uniq_vashnia
Orc:1:    layout_caves, serial_shops, nicolae_shop_trees
Orc:2:    grunt_orc_tribal_feast, layout_caves, serial_shops,
          nicolae_shop_bloodbath_and_beyond
Elf:1:    minmay_elf_arrival_circle, layout_gridlike, serial_shops,
          nicolae_shop_tiny_real_fake_doors, orc_legates
Elf:2:    elven_hall_of_blades_hangedman_original
          [nicolae_blade_entry_hurt_lockers], layout_geoelf_octagon,
          minmay_shop_grove
Elf:3:    minmay_elf_hall_circle, layout_geoelf_octagon, serial_shops, shop,
          shop, nicolae_shop_tiny_statue_garden, shop, uniq_mara
Vaults:1: v_misc_16, nicolae_vaults_trapezoid_lopsided_4,
          nicolae_vaults_little_squares_2, v_misc_22,
          nicolae_vaults_storage_closets_2, nicolae_vaults_surprise_closet,
          ontoclasm_vaults_chip, vaults_room_door_ring,
          nicolae_vaults_yaktaur_gun_rack, layout_vaults_omnicross
Vaults:2: minmay_crypt_entry_skeletal_spiral, ontoclasm_vaults_spin,
          ontoclasm_vaults_tryst, vaults_room_grid, nicolae_vaults_six-pack,
          ontoclasm_vaults_chip, hangedman_vaults_maws,
          nicolae_vaults_double_plus_2, nicolae_vaults_little_squares_2,
          ontoclasm_vaults_shuriken, layout_vaults_omnigrid
Vaults:3: nicolae_vaults_three_branches, ontoclasm_vaults_ring_small,
          nicolae_vaults_network_square, hangedman_vaults_corner,
          ontoclasm_vaults_chip, hangedman_vaults_pinch, nicolae_vaults_house_1,
          v_misc_27, nicolae_vaults_double_plus_2, layout_vaults_ring
Vaults:4: ebering_ghost_gozag, ontoclasm_vaults_ring_small,
          nicolae_vaults_disjoint_gnomons, nicolae_vaults_display_case,
          v_misc_30, nicolae_vaults_trapezoid_layered, v_misc_27, v_misc_33,
          nicolae_vaults_little_squares_6, hangedman_vaults_nails,
          nicolae_vaults_lightning_bolt, v_misc_32, ontoclasm_vaults_ligature,
          layout_vaults_omnibox, serial_hangedman_research,
          hangedman_research_pyrotechnics, hangedman_research_convocations,
          hangedman_research_thanatology, hangedman_research_quantum,
          uniq_margery
Vaults:5
Crypt:1:  layout_misc_corridors, st_burial_chamber, uniq_bai_suzhen, uniq_jory,
          uniq_vv
Crypt:2:  cheibrodos_crypt_draghalla, layout_regular_city,
          minmay_strange_pillars, uniq_frederick
Crypt:3:  david_glass_crypt, layout_misc_corridors
Depths:1: layout_honeycomb, enter_ziggurat_d,
          nicolae_abyss_entry_one_way_or_another, pf_hell_entry_tar_spiral,
          roderic_serpentine_path, kennysheep_boxes
Depths:2: minmay_quantized_circle, layout_cave_pools, hangedman_coc_ice_floe,
          rand_demon_pan_entry_9, nicolae_tso_swordbearing_angel, uniq_asterion
Depths:3: evilmike_wizard_prison, layout_gridlike, hellmouth_3, serial_glass,
          glass_columns_c, glass_columns_b, minmay_strange_pillars,
          due_unseen_surprise, item_on_display_a, item_on_display_a,
          elyvilon_altar_1, abyss_entry_glasseish, uniq_sojobo
Depths:4: evilmike_zot_entry_argh, layout_honeycomb, rand_demon_pan_entry_7,
          nicolae_dithmenos_shadow_blocks, grunt_hell_entry_dis_mu
Zot:1:    grunt_twist_and_shout, layout_onion_interference, nrook_zot_tub,
          uniq_tiamat, uniq_josephina
Zot:2:    grunt_zot_stairs_faceoff, layout_cathedral_of_symmetry,
          grunt_ministairs_11
Zot:3:    ebering_klown_carousel, layout_basic, gammafunk_ghost_split
Zot:4:    layout_misc_corridors
Zot:5:    layout_gridlike, gammafunk_ghost_berserking_beasts

Skill      XL: |  1  2  3  4  5  6  7  8  9 10 11 12 13 14 15 16 17 18 19 20 21 22 23 24 25 26 |
---------------+-------------------------------------------------------------------------------+-----
Axes           | 4 5 6 7 8 10 12 14 16 18 | 18.0
Fighting       | 4 5 6 7 9 10 12 13 14 15 16 18 19 20 21 22 23 25 26 27 | 27.0
Armour         | 3 4 5 7 9 10 11 13 14 15 16 18 19 20 21 22 23 25 26 27 | 27.0
Dodging        | 3 5 7 9 11 13 14 15 16 17 18 19 21 | 21.2
Shields        | 4 9 13 15 17 20 22 24 25 27 | 27.0
Evocations     | 4 7 9 10 11 12 13 14 16 | 16.3
Throwing       | 1 7 10 | 10.0

Action                     |  1- 3 |  4- 6 |  7- 9 | 10-12 | 13-15 | 16-18 | 19-21 | 22-24 | 25-27 || total
---------------------------+-------+-------+-------+-------+-------+-------+-------+-------+-------++-------
  Melee: Hand axe          |    56 |   182 |   161 |       |       |       |       |       |       ||   399
         Headbutt          |     9 |    19 |    56 |    84 |   170 |   219 |   263 |   368 |   234 ||  1422
         Punch             |       |       |     3 |     1 |       |       |       |       |       ||     4
         War axe           |       |       |   114 |   381 |   237 |       |       |       |       ||   732
         Executioner's axe |       |       |       |    84 |       |       |       |       |       ||    84
         Broad axe         |       |       |       |       |   580 |  1009 |   984 |  1201 |   743 ||  4517
  Throw: Boomerang         |       |       |     3 |     5 |     7 |    16 |       |       |       ||    31
         Javelin           |       |       |       |       |       |       |       |       |     4 ||     4
 Invoke: Berserk           |     1 |     2 |     2 |     2 |     2 |       |       |       |       ||     9
         Trog's Hand       |       |     1 |     4 |     5 |    32 |    47 |    21 |    25 |    36 ||   171
         Brothers in Arms  |       |       |       |       |     3 |       |       |       |       ||     3
  Evoke: Wand              |       |       |       |       |       |     4 |       |     2 |     1 ||     7
    Use: Scroll            |       |     1 |     1 |    21 |     7 |     2 |     5 |     3 |    21 ||    61
         Potion            |       |       |       |       |     2 |     3 |       |       |     5 ||    10
   Stab: Petrified         |       |       |       |       |       |     4 |       |       |       ||     4
 Armour: Animal skin       |     1 |       |       |       |       |       |       |       |       ||     1
         Ring mail         |    10 |    52 |       |       |       |       |       |       |       ||    62
         Chain mail        |       |       |   104 |       |       |       |       |       |       ||   104
         Plate armour      |       |       |    12 |   301 |   361 |   464 |   566 |   524 |   350 ||  2578
  Dodge: Dodged            |    34 |    91 |    86 |   159 |   256 |   330 |   297 |   325 |   264 ||  1842
  Block: Other             |       |    32 |    46 |    70 |       |       |       |       |     3 ||   151
         Reflection        |       |       |     1 |       |    29 |   211 |    71 |    54 |    29 ||   395
         Buckler           |       |       |       |    23 |   310 |       |       |       |       ||   333
         Kite shield       |       |       |       |       |   184 |  1163 |   403 |       |       ||  1750
         Tower shield      |       |       |       |       |       |       |   607 |  1376 |   798 ||  2781
